 Dungeon Crawl Stone Soup version 0.32-a0-35-gd9ff480968 (webtiles) character file.

Game seed: 2178082205649771130

6 atomiclemming the Ruffian (level 1, -2/16 HPs)
             Began as a Draconian Shapeshifter on Jan 14, 2021.
             Slain by a jackal (3 damage)
             ... on level 1 of the Dungeon on Jan 22, 2024.
             The game lasted 00:08:26 (340 turns).

atomiclemming the Ruffian (Draconian Shapeshifter)   Turns: 340, Time: 00:08:27

Health: -2/16      AC:  4    Str: 12    XL:     1   Next: 75%
Magic:  3/3        EV: 12    Int: 13    God:
Gold:   10         SH:  0    Dex: 11    Spells: 4/4 levels left

rFire   . . .        b - +0 dagger
rCold   + . .        (no shield)
rNeg    . . .        (body armour unavailable)
rPois   .            (helmet currently unavailable)
rElec   +            (cloak currently unavailable)
rCorr   .            (gloves currently unavailable)
SInv    .            (boots currently unavailable)
Will    .....        (no amulet)
Stlth   +            a - ring of protection from cold
HPRegen 0.22/turn    (no ring)
MPRegen 0.08/turn

%: no passive effects
@: beast-form
A: beast (slay +1), AC +4, unfitting armour, cold-blooded, stinger 1,
electricity resistance, subdued magic 1
a: Begin Untransformation


You were on level 1 of the Dungeon.
You were a hulking beast.
You visited 1 branch of the dungeon, and saw 1 of its levels.

You collected 10 gold pieces.

Inventory:

Hand Weapons
 b - a +0 dagger (weapon)
 f - a +0 spear
Armour
 g - a +0 plate armour
Jewellery
 a - a ring of protection from cold (left hand)
 e - a ring of fire
Talismans
 c - a beast talisman (active)
Scrolls
 d - a scroll of revelation {unknown}
 h - a scroll of identify {unknown}


   Skills:
 + Level 1.1 Fighting
 + Level 2.0 Dodging
 + Level 3.3 Unarmed Combat
 + Level 2.0 Spellcasting
 + Level 2.0 Alchemy
 + Level 1.7 Shapeshifting


You had 4 spell levels left.
You didn't know any spells.
Your spell library contained the following spells:

 Spells                   Type           Power      Damage    Failure   Level
 Fugue of the Fallen      Necr           1%         N/A       54%         3


Dungeon Overview and Level Annotations

Branches:
Dungeon (1/15)

Altars:


Innate Abilities, Weirdness & Mutations

You are a hulking beast.
Your limbs bulge with bestial killing power. (Slay +1)
Your plain brown scales are hard. (AC +4)
You cannot fit into any form of body armour.
You are cold-blooded and may be slowed by cold attacks.
Your tail ends in a venomous barb.
You are resistant to electric shocks. (rElec)
Your spells are a little easier to cast, but a little less powerful.


Message History

The jackal bites you. The bat closely misses you.
There are no items here.
Unknown command.
There are no items here.
You closely miss the bat. The bat hits you but does no damage.
The jackal bites you but does no damage. x2
The jackal closely misses you. The rat misses you.
There are no items here.
You hit the jackal but do no damage.
Your tail-slap misses the jackal.
The jackal is moderately wounded.
The jackal bites you but does no damage.
The jackal bites you.
* * * LOW HITPOINT WARNING * * *
The jackal barely misses you. The bat hits you but does no damage.
The rat closely misses you. The jackal barely misses you.
The jackal completely misses you. The jackal bites you.
* * * LOW HITPOINT WARNING * * *
You hit the jackal.
The jackal is severely wounded.
The bat closely misses you. The jackal closely misses you.
The rat closely misses you. The jackal barely misses you.
The jackal completely misses you.
There are no items here.
There are no items here.
You closely miss the jackal.
The jackal is severely wounded.
The bat hits you but does no damage. The jackal closely misses you.
The jackal bites you.
* * * LOW HITPOINT WARNING * * *
The jackal barely misses you. The rat bites you but does no damage.
The jackal closely misses you. x2
The jackal bites you but does no damage.
You closely miss the jackal.
The jackal is severely wounded.
The bat hits you.
* * * LOW HITPOINT WARNING * * *
The rat bites you but does no damage.
The jackal bites you but does no damage. x2
The jackal bites you.
You die...

...# ##.## ..# ##...##
##.## ##.....## #...#
##.......## #...#
##.........# #...##
>..........########.....
....#.b.h....?#.........
......rhhb..............
....#...h.....#.........
.............######...##
#####.......# #.....
#.......# #...##
#.......# #...#
#.......# ##.##
####.#### #.# #.#


You could see 3 jackals, 2 bats and a rat.

Vanquished Creatures
  A ball python (D:1)
  A ghost (D:1)
  A giant cockroach (D:1)
  A kobold (D:1)
  A frilled lizard (D:1)
5 creatures vanquished.

Notes
Turn   | Place    | Note
-------+----------+-------------------------------------------
     0 | D:1      | atomiclemming the Draconian Transmuter began the quest for
                  | the Orb.
     0 | D:1      | Reached XP level 1. HP: 16/16 MP: 3/3
   111 | D:1      | Reduced skill Shapeshifting to level 1
   111 | D:1      | Upgraded the game from 0.27-a0-79-gcaaa221d37 to
                  | 0.32-a0-35-gd9ff480968
   201 | D:1      | Gained mutation: Your tail ends in a venomous barb. [potion
                  | of mutation]
   201 | D:1      | Gained mutation: Your spells are a little easier to cast,
                  | but a little less powerful. [potion of mutation]
   201 | D:1      | Gained mutation: You are resistant to electric shocks.
                  | (rElec) [potion of mutation]
   340 | D:1      | Slain by a jackal

Illustrated notes

Levels and vault maps discovered:
D:1:      lightli_arrival_maybe_door_vault, layout_loops_cross,
          minmay_crystal_room

Skill      XL: |  1 |
---------------+----+-----
Transmutations | 3 |  0.0
Alchemy        | 2 |  2.0
Shapeshifting  | 1 |  1.7
Dodging        | 2 |  2.0
Fighting       | |  1.1
Unarmed Combat | |  3.3
Spellcasting   | |  2.0

Action                     || total
---------------------------++-------
  Melee: Dagger            ||    11
         Tailslap          ||     7
         Unarmed           ||     5
    Use: Potion            ||     1
 Armour: Skin              ||    65
  Dodge: Dodged            ||    78
   Form: Beast             ||     1

Table legend: (Time is in decaauts)
 A = Elapsed time spent in this place.
 B = Non-inter-level travel time spent in this place.
 C = Inter-level travel time spent in this place.
 D = Time resting spent in this place.
 E = Time spent auto-exploring this place.
 F = Levels seen in this place.
 G = Mean time per level.
                   A        B        C        D        E       F      G
               +--------+--------+--------+--------+--------+-----+--------+
         Total |    356 |    300 |     56 |      0 |      0 |   1 |  356.0 |
       Dungeon |    356 |    300 |     56 |      0 |      0 |   1 |  356.0 |
               +--------+--------+--------+--------+--------+-----+--------+

Top non-repeatable levels by time:
     D:1: 356 daAuts
